 Dungeon Crawl Stone Soup version 0.25-a0-492-g44cc58d149 (webtiles) character file.

Game seed: 999833853022857299, levelgen mode: deterministic

1045 kae the Ruffian (level 8, -3/64 HPs)
             Began as a Demonspawn Fighter on Feb 11, 2020.
             Killed by divine providence
             ... invoked by an orc priest
              (11 damage)
             ... on level 5 of the Dungeon.
             The game lasted 00:03:25 (4538 turns).

kae the Ruffian (Demonspawn Fighter)                Turns: 4538, Time: 00:03:26

Health: -3/64      AC: 21    Str: 17    XL:     8   Next: 4%
Magic:  8/8        EV:  5    Int:  9    God:
Gold:   195        SH:  0    Dex: 15    Spells: 7/7 levels left

rFire    x . .     SeeInvis .     - Unarmed
rCold    + . .     Gourm    .   (no shield)
rNeg     . . .     Faith    .   e - +0 plate armour
rPois    .         Spirit   .   f - +1 helmet
rElec    .         Reflect  .   (no cloak)
rCorr    .         Harm     .   (no gloves)
MR       .....                  (no boots)
Stlth    ..........             (no amulet)
HPRegen  0.20/turn              k - +6 ring of protection
MPRegen  0.11/turn              q - ring of ice

@: no status effects
A: hooves 1, iridescent scales 1, demonic guardian 1, nightstalker 1
a: no special abilities


You were on level 5 of the Dungeon.
You were not hungry.

You visited 1 branch of the dungeon, and saw 5 of its levels.
You also visited: Sewer.

You collected 195 gold pieces.

Inventory:

Armour
 a - a +0 scale mail
 b - a +0 kite shield
 e - a +0 plate armour (worn)
 f - a +1 helmet (worn)
Jewellery
 k - a +6 ring of protection (left hand)
 q - a ring of ice (right hand)
Scrolls
 g - 2 scrolls of remove curse
 h - 2 scrolls of identify
Potions
 c - 2 potions of might
 i - 3 potions of flight
 j - 2 potions of resistance {unknown}
 l - 5 potions of curing
 m - a potion of invisibility
 n - a potion of ambrosia
 o - 3 potions of brilliance {unknown}
 p - a potion of berserk rage
 r - 5 potions of heal wounds
 s - 3 potions of agility {unknown}
 t - a potion of lignification {unknown}
 u - 3 potions of cancellation {unknown}
 v - a potion of haste {unknown}
Comestibles
 d - 7 rations
 w - 5 chunks of flesh


   Skills:
 + Level 6.1 Fighting
 - Level 2.6 Armour
 - Level 2.6 Shields
 * Level 7.2 Unarmed Combat


You had 7 spell levels left.
You didn't know any spells.
Your spell library contained the following spells:

 Spells                   Type           Power        Failure   Level  Hunger
 Magic Dart               Conj           #...         100%        1    ##.....
 Blink                    Tloc           N/A          100%        2    ###....
 Call Imp                 Summ           #.......     100%        2    ###....
 Slow                     Hex            #.......     100%        2    ###....
 Conjure Flame            Conj/Fire      #.......     100%        3    ####...
 Mephitic Cloud           Conj/Pois/Air  #.......     100%        3    ####...


Dungeon Overview and Level Annotations

Branches:
Dungeon (5/15)              Sewer (visited)
 Temple: D:4-7

Altars:
Gozag
Okawaru
Ru
Uskayaw
Yredelemnul
Zin
The Shining One


Innate Abilities, Weirdness & Mutations

You have large cloven feet.
You are partially covered in iridescent scales. (AC +2)
A weak demonic guardian rushes to your aid.
You are slightly more attuned to the shadows.


Message History

The orc priest is severely wounded.
The orc wizard completely misses you.
The orc priest invokes the aid of Beogh against you.
Beogh smites you!
* * * LOW HITPOINT WARNING * * *
The howler monkey hits you but does no damage.
The sky beast hits you but does no damage.
You punch the howler monkey! You kick the howler monkey.
You kill the howler monkey!
The orc wizard gestures wildly while chanting.
The orc wizard blinks!
The orc priest hits you but does no damage.
The orc wizard gestures at you while chanting.
The magic dart hits you.
* * * LOW HITPOINT WARNING * * *
The sky beast hits you but does no damage.
Unknown command.
The orc priest mumbles some strange prayers to Beogh against you.
Beogh smites you!
You die...

..#.##.##..#.....####....#
..#....#...#.....#..#....#
..#....'...#.....'..#....#
..'....#...#.....#..#....#
..#....#...#######..'....####
..#######..##...#...#....#..#
### #..##...##..#....#..# ..#
..o..o§##..#....#'### ..#
.....).@...#........# ..#
..##.Y.##..#........# ..#
#'####..#........# †.# #.
#..#........# ..# .
...#........# ..# #.
...#........# ..# #
..#####....# ..# #....# ..#
#....#


You could see a sky beast, an orc priest and an orc wizard.

Vanquished Creatures
  A phantom (D:4)
  An ice beast (D:5)
  2 big kobolds (Sewer)
  2 scorpions (D:4)
  2 howler monkeys
  A crimson imp (D:5)
  A centaur skeleton (D:4)
  2 orc priests
  A jelly (D:5)
  2 orc wizards (D:3)
  A hound skeleton (D:4)
  8 gnolls
  4 adders
  A river rat (D:4)
  An ooze (Sewer)
  4 worms
  2 dart slugs
  5 leopard geckos
  12 orcs
  7 giant cockroaches
  6 hobgoblins
  A jackal (D:3)
  3 quokkas
  3 ball pythons
  6 bats
  6 frilled lizards
  6 goblins
  16 kobolds
  16 rats
123 creatures vanquished.

Vanquished Creatures (collateral kills)
  An ogre (D:5)
  A big kobold (Sewer)
  An orc priest (D:5)
  2 jackals (D:3)
  2 kobolds (Sewer)
7 creatures vanquished.

Grand Total: 130 creatures vanquished

Notes
Turn   | Place    | Note
-------+----------+-------------------------------------------
     0 | D:1      | kae the Demonspawn Fighter began the quest for the Orb.
     0 | D:1      | Reached XP level 1. HP: 18/18 MP: 1/1
   273 | D:1      | Reached skill level 2 in Unarmed Combat
   367 | D:1      | Gained mutation: You have large cloven feet. [demonic
                  | ancestry]
   367 | D:1      | Reached XP level 2. HP: 22/24 MP: 2/2
  1082 | D:2      | Gained mutation: You are slightly more attuned to the
                  | shadows. [demonic ancestry]
  1082 | D:2      | Reached XP level 3. HP: 27/29 MP: 3/3
  1123 | D:2      | Reached skill level 3 in Unarmed Combat
  1334 | D:2      | Found a glowing golden altar of the Shining One.
  1395 | D:2      | Reached XP level 4. HP: 34/37 MP: 4/4
  2089 | D:2      | Reached skill level 4 in Unarmed Combat
  2285 | D:3      | Gained mutation: A weak demonic guardian rushes to your
                  | aid. [demonic ancestry]
  2285 | D:3      | Reached XP level 5. HP: 35/42 MP: 5/5
  2935 | D:3      | Found a glowing silver altar of Zin.
  2942 | D:3      | Found an opulent altar of Gozag.
  2945 | D:3      | Found an iron altar of Okawaru.
  2954 | D:3      | Found a sacrificial altar of Ru.
  3322 | D:4      | Gained mutation: You are partially covered in iridescent
                  | scales. (AC +2) [demonic ancestry]
  3322 | D:4      | Reached XP level 6. HP: 48/49 MP: 6/6
  3373 | D:4      | Reached skill level 5 in Unarmed Combat
  3477 | D:4      | Found a glowing drain.
  3488 | Sewer    | Entered a sewer
  3713 | Sewer    | Reached skill level 5 in Fighting
  3759 | Sewer    | Reached XP level 7. HP: 56/56 MP: 7/7
  3926 | D:4      | Reached skill level 6 in Unarmed Combat
  4220 | D:4      | Found a basalt altar of Yredelemnul.
  4224 | D:4      | Found a hide-covered altar of Uskayaw.
  4298 | D:5      | Entered Level 5 of the Dungeon
  4342 | D:5      | Reached skill level 7 in Unarmed Combat
  4527 | D:5      | Reached XP level 8. HP: 32/64 MP: 8/8
  4538 | D:5      | Killed from afar by an orc priest

Levels and vault maps discovered:
D:1:      minmay_arrival_plants_in_alcoves, layout_basic,
          minmay_misc_feat_columns, dk_noncrumbling_2, minmay_misc_feat_room,
          minmay_rat_gold_closets
D:2:      layout_basic, lemuel_doored_altar, first_ration
D:3:      layout_basic, nicolae_overflow_hidden_temple,
          grunt_temple_overflow_cloverleaf
D:4:      layout_cave_pools, minitemple, gup_sewer_entry_bubbles
D:5:      layout_gridville, temple_statues

Skill      XL: |  1  2  3  4  5  6  7 |
---------------+----------------------+-----
Unarmed Combat | 2 3 4 5 7 |  7.2
Fighting       | 4 5 6 |  6.1
Armour         | |  2.6
Shields        | |  2.6

Action                   |  1- 3 |  4- 6 |  7- 9 || total
-------------------------+-------+-------+-------++-------
Melee: Unarmed           |   135 |   301 |    88 ||   524
       Kick              |    27 |    62 |    30 ||   119
       Punch             |       |     2 |     2 ||     4
  Use: Potion            |       |     3 |       ||     3
       Scroll            |       |     9 |       ||     9
 Stab: Distracted        |       |     2 |       ||     2
  Eat: Chunk             |     2 |     7 |     3 ||    12
Armor: Plate armour      |    78 |   282 |    65 ||   425
       Scale mail        |     7 |       |       ||     7
Dodge: Dodged            |    21 |    79 |    23 ||   123

Table legend:
 A = Non-vault XP
 B = Vault XP
 C = Vault XP percentage of total XP
 D = Non-vault monster count
 E = Vault monster count
 F = Vault count percentage of total count
                 A         B        C        D         E       F
            +---------+---------+-------+---------+---------+-------
      Total |    1134 |     360 |  24.1 |      91 |      39 |  30.0
            +---------+---------+-------+---------+---------+-------
        D:1 |       7 |       8 |  53.3 |       6 |       8 |  57.1
        D:2 |     127 |       0 |   0.0 |      32 |       0 |   0.0
        D:3 |     210 |       0 |   0.0 |      28 |       0 |   0.0
        D:4 |     397 |      39 |   8.9 |      16 |       7 |  30.4
        D:5 |     393 |       0 |   0.0 |       9 |       0 |   0.0
      Sewer |       0 |     313 | 100.0 |       0 |      24 | 100.0
            +---------+---------+-------+---------+---------+-------
